 Dungeon Crawl Stone Soup version 0.30-a0-634-g8abc85282e (webtiles) character file.

Game seed: 18055047829520624379

1698 Mitcholas the Chopper (level 9, -3/54 HPs)
             Began as a Gargoyle Fighter on Jan 14, 2023.
             Was a Believer of Okawaru.
             Slain by a two-headed ogre
             ... wielding a +0 giant club
              (16 damage)
             ... on level 7 of the Dungeon.
             The game lasted 00:17:47 (5165 turns).

Mitcholas the Chopper (Gargoyle Fighter)            Turns: 5165, Time: 00:17:48

Health: -3/54      AC: 16    Str: 25    XL:     9   Next: 3%
Magic:  9/9        EV:  9    Int:  8    God:    Okawaru [**....]
Gold:   271        SH:  4    Dex:  9    Spells: 8/8 levels left

rFire   . . .      SeeInvis .    a - +0 war axe
rCold   . . .      Faith    .    c - +0 buckler
rNeg    + . .      Spirit   .    b - +0 scale mail
rPois   ∞          Reflect  .    (no helmet)
rElec   +          Harm     .    k - +0 cloak
rCorr   .          Rampage  .    (no gloves)
Will    .....                    e - +0 pair of boots Stlth
                                 (no amulet)
HPRegen 0.29/turn                (no ring)
MPRegen 0.11/turn                (no ring)

@: no status effects
A: sickness immunity, AC +6, negative energy resistance 1, electricity
resistance, torment resistance 1, petrification resistance
a: Renounce Religion, Heroism


You were on level 7 of the Dungeon.
You worshipped Okawaru.
Okawaru was pleased with you.
You visited 2 branches of the dungeon, and saw 8 of its levels.

You collected 271 gold pieces.

Inventory:

Hand Weapons
 a - a +0 war axe (weapon)
Missiles
 w - 7 poisoned darts (quivered)
Armour
 b - a +0 scale mail (worn)
 c - a +0 buckler (worn)
 e - a +0 pair of boots (worn)
 k - a +0 cloak (worn)
Wands
 t - a wand of roots (26)
 z - a wand of acid (4)
Scrolls
 f - 2 scrolls of enchant armour {unknown}
 g - a scroll of brand weapon {unknown}
 h - 2 scrolls of immolation {unknown}
 i - 4 scrolls of identify {unknown}
 j - 2 scrolls of noise {unknown}
 p - a scroll of blinking {unknown}
 q - 2 scrolls of fog {unknown}
 r - 3 scrolls of fear {unknown}
 s - 2 scrolls of poison {unknown}
 v - a scroll of enchant weapon {unknown}
 y - a scroll of amnesia {unknown}
 A - a scroll of teleportation {unknown}
Potions
 d - 2 potions of might
 l - 3 potions of haste {unknown}
 m - 3 potions of curing {unknown}
 n - a potion of brilliance {unknown}
 o - a potion of berserk rage {unknown}
 u - 3 potions of flight {unknown}
 x - 3 potions of heal wounds {unknown}
 B - a potion of mutation {unknown}


   Skills:
 + Level 5.3 Fighting
 * Level 7.8 Axes
 - Level 5.0 Armour
 + Level 5.2 Shields
 + Level 3.3 Evocations


You had 8 spell levels left.
You didn't know any spells.
Your spell library contained the following spells:

 Spells                   Type           Power      Damage    Failure   Level
 Shock                    Conj/Air       0%         1d3       77%         1
 Swiftness                Air            0%         N/A       98%         3
 Airstrike                Air            0%         2d(0-16)  100%        4
 Orb of Destruction       Conj           0%         9d5       100%        7
 Summon Small Mammal      Summ           Unusable   N/A       N/A         1
 Call Canine Familiar     Summ           Unusable   N/A       N/A         3
 Summon Guardian Golem    Hex/Summ       Unusable   N/A       N/A         3
 Spellforged Servitor     Conj/Summ      Unusable   N/A       N/A         7

Dungeon Overview and Level Annotations

Branches:
Dungeon (7/15)             Temple (1/1) D:5

Altars:
Ashenzari
Cheibriados
Dithmenos
Elyvilon
Fedhas
Gozag
Hepliaklqana
Kikubaaqudgha
Makhleb
Nemelex Xobeh
Okawaru
Qazlal
Sif Muna
Trog
Vehumet
Wu Jian
Xom
Yredelemnul
Zin
The Shining One

Shops:
D:2 [   D:3 [   D:4 [

Annotations:
D:5 3 runed translucent doors, bmack86's ghost, novice MiFi


Innate Abilities, Weirdness & Mutations

You are immune to sickness and miasma.
Your stone body is resilient. (AC +6)
You are immune to poison.
You resist negative energy. (rN+)
You are resistant to electric shocks. (rElec)
You are resistant to unholy torment.
You are immune to petrification.


Message History

You block the white imp's attack. The white imp gestures at you.
The puff of frost hits you!
Aiming: Corrosive Bolt
Press: ? - help, Shift-Dir - straight line, f/p - two-headed ogre
Aim: a two-headed ogre, wielding a +0 giant club and a +0 giant spiked club (heavily wounded, poisoned, 88% to hit)
The bolt of acid hits the two-headed ogre!
The acid corrodes the two-headed ogre!
The two-headed ogre is severely wounded.
The white imp gestures at you.
The puff of frost hits you but does no damage.
The two-headed ogre hits you with a +0 giant club.
The two-headed ogre hits you but does no damage.
Aiming: Corrosive Bolt
Press: ? - help, Shift-Dir - straight line, f/p - two-headed ogre
Aim: a two-headed ogre, wielding a +0 giant club and a +0 giant spiked club (severely wounded, poisoned, covered in acid, 88% to hit)
The bolt of acid hits the two-headed ogre!
The two-headed ogre seems to be corroded for longer.
The two-headed ogre is almost dead.
The two-headed ogre looks more healthy.
The white imp hits you. The white imp freezes you.
You hit the two-headed ogre but do no damage.
The two-headed ogre is almost dead.
You closely miss the white imp.
The two-headed ogre hits you but does no damage. x2
The white imp gestures at you. The puff of frost misses you.
You closely miss the two-headed ogre.
The two-headed ogre is almost dead.
You closely miss the white imp.
The white imp hits you but does no damage.
The two-headed ogre hits you with a +0 giant club!
The two-headed ogre hits you with a +0 giant spiked club!
* * * LOW HITPOINT WARNING * * *
You barely miss the two-headed ogre.
The two-headed ogre is almost dead.
You barely miss the white imp. You block the white imp's attack.
You block the two-headed ogre's attack.
The two-headed ogre hits you with a +0 giant spiked club!
You die...

#########.##
####............
#.)............# .
#.##)#######.#.#..
#.#.........[....
#.#..###.......
#.#..#.......#
..#.)#.......#
)######..#...@<..#.#
............O5.....#
.######........#####
#................
#..##........####
....#..........# ##.
##.........# #
#(.........#
#(###....####


You could see a two-headed ogre (corroded) and a white imp.

Vanquished Creatures
  Prince Ribbit (D:5)
  Menkaure (D:5)
  2 water moccasins (D:6)
  An orc warrior (D:6)
  A black bear (D:4)
  An ice beast (D:7)
  An ogre (D:7)
  3 scorpions (D:6)
  2 wights (D:7)
  The ghost of wormed the Grave Robber, a weakling GnWn (D:3)
  A howler monkey (D:4)
  2 orc priests (D:5)
  A jelly (D:4)
  A gnoll bouda (D:7)
  An iguana (D:6)
  2 orc wizards (D:6)
  Ijyb (D:3)
  5 gnolls
  10 adders
  An ufetubus (D:6)
  3 worms
  A dart slug (D:2)
  7 orcs
  7 endoplasms
  6 goblins
  4 hobgoblins
  4 jackals
  3 quokkas
  7 ball pythons
  3 bats
  4 frilled lizards
  6 kobolds
  3 rats
97 creatures vanquished.

Notes
Turn   | Place    | Note
-------+----------+-------------------------------------------
     0 | D:1      | Mitcholas the Gargoyle Fighter began the quest for the Orb.
     0 | D:1      | Reached XP level 1. HP: 14/14 MP: 1/1
    87 | D:1      | Reached skill level 2 in Axes
   292 | D:1      | Reached XP level 2. HP: 19/19 MP: 2/2
   833 | D:2      | Found Pyivex's Antique Armour Shoppe.
   905 | D:2      | Reached skill level 3 in Axes
   905 | D:2      | Reached XP level 3. HP: 23/23 MP: 3/3
  1043 | D:2      | You fall into a shaft and drop 2 floors!
  1159 | D:2      | Reached XP level 4. HP: 28/28 MP: 4/4
  1462 | D:3      | Reached skill level 4 in Axes
  1568 | D:3      | Found Ygeligh's Antique Armour Shop.
  1597 | D:3      | Noticed Ijyb
  1602 | D:3      | Paralysed by Ijyb for 2 turns
  1606 | D:3      | Killed Ijyb
  1819 | D:3      | Found a runed translucent door.
  1823 | D:3      | Noticed wormed's ghost (weakling GnWn)
  2038 | D:3      | Killed wormed's ghost
  2039 | D:3      | Reached XP level 5. HP: 30/32 MP: 5/5
  2127 | D:4      | Reached skill level 5 in Axes
  2216 | D:4      | Found Neixzar's Antique Armour Shoppe.
  2240 | D:4      | Noticed a black bear
  2255 | D:4      | Killed a black bear
  2256 | D:4      | Reached XP level 6. HP: 29/37 MP: 6/6
  2439 | D:4      | Reached skill level 6 in Axes
  2587 | D:4      | Found an ornate altar of the Wu Jian Council.
  2625 | D:4      | Noticed a steam dragon
  2763 | D:5      | Entered Level 5 of the Dungeon
  2994 | D:5      | Found a runed translucent gate.
  2994 | D:5      | Found a runed translucent gate.
  2995 | D:5      | Found a runed translucent gate.
  3001 | D:5      | Noticed bmack86's ghost (novice MiFi)
  3061 | D:5      | Noticed Prince Ribbit
  3071 | D:5      | Killed Prince Ribbit
  3072 | D:5      | Reached skill level 1 in Evocations
  3072 | D:5      | Reached XP level 7. HP: 22/42 MP: 7/7
  3166 | D:5      | Found a staircase to the Ecumenical Temple.
  3186 | D:5      | Noticed Menkaure
  3190 | D:5      | Killed Menkaure
  3194 | Temple   | Entered the Ecumenical Temple
  3346 | Temple   | Became a worshipper of Warmaster Okawaru
  3383 | D:5      | Found an opulent altar of Gozag.
  3830 | D:6      | Reached XP level 8. HP: 22/48 MP: 8/8
  4068 | D:6      | Reached skill level 7 in Axes
  4201 | D:6      | Reached * piety under Okawaru
  4619 | D:7      | Reached skill level 5 in Fighting
  4700 | D:7      | Reached skill level 5 in Armour
  4700 | D:7      | Reached skill level 5 in Shields
  4746 | D:7      | HP: 2/49 [wight/+4 great sword (9)]
  5015 | D:7      | Reached ** piety under Okawaru
  5060 | D:7      | Reached XP level 9. HP: 30/54 MP: 9/9
  5149 | D:7      | Noticed a two-headed ogre
  5165 | D:7      | Slain by a two-headed ogre

Illustrated notes

Levels and vault maps discovered:
D:1:      mrwooster_arrival_statue_2, layout_loops_ring
D:2:      layout_rooms, serial_shops, nicolae_shop_overgrown_old_shop
D:3:      layout_basic, serial_shops, nicolae_shop_competitors_out_of_business,
          ebering_ghost_reflecting_pool, minivault_4, uniq_ijyb
D:4:      layout_rooms, mainiacjoe_overflow_alcove_2, serial_shops,
          nicolae_take_the_stairs, lightli_corner_chamber
D:5:      layout_rooms, grunt_gozag_breadcrumbs,
          minmay_temple_entry_stoned_glass, gammafunk_ghost_necromancy,
          minmay_misc_feat_five, uniq_menkaure, uniq_prince_ribbit1
D:6:      layout_loops_ring
D:7:      layout_loops_ring, grunt_ministairs_7
Temple:   regret_index_temple_chain_breaker

Skill      XL: |  1  2  3  4  5  6  7  8 |
---------------+-------------------------+-----
Axes           | 2 3 4 5 6 7 |  7.8
Evocations     | 1 2 3 |  3.3
Fighting       | 4 5 |  5.3
Armour         | 4 5 |  5.0
Shields        | 4 5 |  5.2

Action                   |  1- 3 |  4- 6 |  7- 9 || total
-------------------------+-------+-------+-------++-------
Melee: War axe           |    82 |   154 |   165 ||   401
Throw: Dart              |       |     5 |     8 ||    13
Evoke: Wand              |       |     3 |     7 ||    10
Armor: Scale mail        |    52 |    89 |    86 ||   227
Dodge: Dodged            |    46 |    67 |    57 ||   170
Block: Buckler           |    15 |    37 |    34 ||    86

Table legend: (Time is in decaauts)
 A = Elapsed time spent in this place.
 B = Non-inter-level travel time spent in this place.
 C = Inter-level travel time spent in this place.
 D = Time resting spent in this place.
 E = Time spent auto-exploring this place.
 F = Levels seen in this place.
 G = Mean time per level.
                   A        B        C        D        E       F      G
               +--------+--------+--------+--------+--------+-----+--------+
         Total |   5284 |   5004 |    280 |    705 |   3055 |   8 |  660.5 |
       Dungeon |   5116 |   4850 |    266 |    705 |   2950 |   7 |  730.9 |
        Temple |    167 |    153 |     14 |      0 |    105 |   1 |  167.0 |
               +--------+--------+--------+--------+--------+-----+--------+

Top non-repeatable levels by time:
     D:6: 1143 daAuts
     D:1: 773 daAuts
     D:3: 759 daAuts
     D:4: 757 daAuts
     D:5: 736 daAuts
     D:2: 607 daAuts
     D:7: 338 daAuts
  Temple: 167 daAuts
